 Dungeon Crawl Stone Soup version 0.17.2-1-ge4368a0 (webtiles) character file.

468851 Goblin1989 the Executioner (level 24, -1/241 HPs)
             Began as a Naga Berserker on June 26, 2017.
             Was the Champion of the Shining One.
             Slain by a stone giant (34 damage)
             ... created by the rage of Trog
             ... on level 3 of the Vaults on July 5, 2017.
             The game lasted 04:29:10 (59574 turns).

Goblin1989 the Executioner (Naga Berserker)        Turns: 59574, Time: 04:29:11

Health: -1/241     AC: 41    Str: 30    XL:     24   Next: 63%
Magic:  40/40      EV:  7    Int: 12    God:    the Shining One [******]
Gold:   4548       SH: 21    Dex:  9    Spells: 3 memorised, 6 levels left

rFire  + + .     SeeInvis +     a - +9 broad axe (holy)
rCold  + + .     Clarity  .     N - +11 crystal plate armour "Fegikh" {MP+9 Int+5}
rNeg   + + +     SustAt   .     V - +0 large shield
rPois  +         Gourm    .     p - +2 hat {MR+}
rElec  .         Spirit   .     H - +0 cloak
rCorr  .         Warding  .     S - +0 pair of gloves (curse)
rMut   +         Stasis   .     (no barding)
MR     ++++.                    f - amulet "Badockiu" {rMut rF++ rN+ Dex-4}
Stlth  ..........               m - ring of protection from cold
                                c - ring of protection from cold

@: about to teleport, slowed, glowing, very slow, incredibly resistant to
hostile enchantments, extremely unstealthy
A: horns 1, see invisible, deformed body, poison resistance, slowness 2, slow
metabolism 1, spit poison 2, constrict 1, AC +8
a: Spit Poison, Divine Shield, Cleansing Flame, Summon Divine Warrior, Renounce
Religion
}: 2/15 runes: decaying, gossamer


You were on level 3 of the Vaults.
You worshipped the Shining One.
The Shining One was exalted by your worship.
You were not hungry.

You visited 10 branches of the dungeon, and saw 47 of its levels.
You also visited: Ice Cave, Volcano and Wizlab.

You collected 6279 gold pieces.
You spent 1731 gold pieces at shops.

Inventory:

Hand Weapons
 a - a +9 broad axe of holy wrath (weapon)
 b - the +7 broad axe "Tickekis" {drain, rElec MR+ Str+4 Int+2}
   (Trog gifted it to you on level 1 of the Vaults)

   A truly terrible weapon, it drains the life of those it strikes.
   It affects your strength (+4).
   It affects your intelligence (+2).
   It insulates you from electricity.
   It affects your resistance to hostile enchantments.
   The Shining One disapproves of the use of such an item.
Missiles
 D - 4 javelins of penetration (quivered)
Armour
 p - a +2 hat of magic resistance (worn)
 H - a +0 cloak (worn)
 N - the +11 crystal plate armour "Fegikh" (worn) {MP+9 Int+5}
   (You acquired it on level 2 of the Vaults)

   It affects your intelligence (+5).
   It affects your magic capacity (+9).
 S - a cursed +0 pair of gloves (worn)
 V - a +0 large shield (worn)
Jewellery
 c - a ring of protection from cold (left hand)
 f - the amulet "Badockiu" (around neck) {rMut rF++ rN+ Dex-4}
   (You bought it in a shop on level 2 of the Elven Halls)

   [amulet of resist mutation]

   It protects you from mutation.
   It affects your dexterity (-4).
   It greatly protects you from fire.
   It protects you from negative energy.
 g - an amulet of resist corrosion
 m - a ring of protection from cold (right hand)
 X - a +5 ring of intelligence
Wands
 l - a wand of teleportation (4) {@v3, !v}
 q - a wand of hasting (6) {@v2, !v}
 F - a wand of teleportation (2) {@v3, !v}
 Q - a wand of disintegration (8)
 U - a wand of digging (15)
Scrolls
 h - 13 scrolls of immolation
 i - 9 scrolls of enchant weapon
 k - 9 scrolls of remove curse {@r2}
 t - 6 scrolls of fear
 v - 3 scrolls of recharging
 y - 6 scrolls of fog
 A - 9 scrolls of enchant armour
 B - 2 scrolls of blinking
 M - 2 scrolls of magic mapping
 P - 5 scrolls of holy word
 R - 5 scrolls of identify {@r1}
 T - 9 scrolls of teleportation {!r, @r3}
Potions
 d - 9 potions of resistance
 j - 6 potions of ambrosia
 o - 6 potions of agility
 u - 3 potions of flight
 x - 9 potions of heal wounds {@q2, !q}
 C - 3 potions of haste {@q3, !q}
 G - 2 potions of cancellation
 K - 4 potions of might
 W - a potion of berserk rage
 Y - a potion of cure mutation {!q}
 Z - 18 potions of curing {@q1}
Miscellaneous
 z - 2 phantom mirrors
Comestibles
 e - 28 bread rations {@e1}
 s - a royal jelly
 I - 18 meat rations {@e2}
 J - 17 beef jerkies
 O - 3 slices of pizza


   Skills:
 + Level 19.1 Fighting
 + Level 21.9 Axes
 + Level 16.2 Armour
 - Level 9.7 Dodging
 + Level 13.7 Shields
 * Level 10.9 Invocations
 - Level 2.0 Evocations


You had 6 spell levels left.
You knew the following spells:

 Your Spells              Type           Power        Failure   Level  Hunger
a - Disjunction           Tloc           #.........   100%        8    #######
o - Apportation           Tloc           #.........   100%        1    ##.....
C - Controlled Blink      Tloc           N/A          100%        8    #######


Dungeon Overview and Level Annotations

Branches:
Dungeon (15/15)            Temple (1/1) D:4            Lair (8/8) D:9
  Swamp (4/4) Lair:5       Spider (4/4) Lair:5        Slime (0/6) Lair:6
    Orc (4/4) D:10            Elf (3/3) Orc:4        Vaults (4/5) D:14
  Crypt (3/3) Vaults:3     Depths (1/5) D:15
   Tomb: Crypt:3

Altars:
Ashenzari
Cheibriados
Dithmenos
Elyvilon
Fedhas
Gozag
Kikubaaqudgha
Makhleb
Nemelex Xobeh
Okawaru
Qazlal
Ru
Sif Muna
Trog
Vehumet
Xom
Yredelemnul
Zin
The Shining One
Beogh
Jiyva

Shops:
Orc:4 ([*=   Elf:2 *!   Elf:3 *   Vaults:3 (

Portals:
Hell: Depths:1
Pandemonium: Depths:1
Trove: Depths:1 (give +5 demon whip)

Annotations:
Lair:1 WereVolvo's ghost, journeyman HESk
Lair:3 exclusion: oklob plant
Lair:6 exclusion: oklob plant
Lair:7 exclusion: oklob plant
Elf:2 3 runed doors


Innate Abilities, Weirdness & Mutations

You cannot wear boots.
Your serpentine skin is tough (AC +8).
You have supernaturally acute eyesight.
Armour fits poorly on your strangely shaped body.
Your system is resistant to poisons.
You cover ground very slowly.
You have a slow metabolism.
You can spit poison.
You can use your snake-like lower body to constrict enemies.
You have a pair of small horns on your head.


Message History

You slice the stone giant!!
You headbutt the stone giant, but do no damage.
The stone giant is heavily wounded.
The stone giant barely misses you.
You hit the stone giant.
The stone giant is heavily wounded.
You block the stone giant's attack.
You slash the stone giant!
The stone giant is severely wounded.
The stone giant hits you.
* * * LOW HITPOINT WARNING * * *
The stone giant hits you!
* * * LOW HITPOINT WARNING * * *
You take 18 damage, and have 91/241 hp.
You carve the stone giant like a ham!!!
You headbutt the stone giant, but do no damage.
The stone giant is almost dead.
You block the stone giant's attack.
You slash the stone giant!
You kill the stone giant!
That felt strangely unrewarding.
Unknown command.
You start resting.
Trog sends monsters to punish you.
The divine experience drains your vigour!
You feel yourself slow down. 2 polar bears, an ogre, a hill giant and 2 stone giants come into view.
You regained 53 hp, and now have 145/241 hp.
You slice the hill giant like a ripe choko!!!
The hill giant is heavily wounded.
Unknown command.
You slice the hill giant!!
You headbutt the hill giant, but do no damage.
The hill giant is almost dead.
You block the hill giant's attack.
Unknown command.
You slice the stone giant!!
The stone giant is lightly wounded.
You hit the hill giant.
The hill giant is almost dead.
You slash the polar bear!
The polar bear is moderately wounded.
You hit the polar bear.
The polar bear is lightly wounded.
You slash the stone giant!
The stone giant is lightly wounded.
The stone giant hits you! You block the polar bear's attack.
The polar bear claws you but does no damage.
You block the polar bear's attack. The polar bear bites you!
The polar bear closely misses you. You block the polar bear's attack.
The stone giant hits you!!
* * * LOW HITPOINT WARNING * * *
You block the hill giant's attack.
The stone giant hits you but does no damage.
The polar bear bites you!
* * * LOW HITPOINT WARNING * * *
The polar bear claws you.
* * * LOW HITPOINT WARNING * * *
The polar bear claws you but does no damage.
The ogre rages.
The polar bear closely misses you. You block the polar bear's attack.
The polar bear claws you but does no damage.
You block the stone giant's attack.
You take 56 damage, and have 90/241 hp.
MASSIVE DAMAGE!!
Read which item? (? for menu, Esc to quit)
Really read
T - 10 scrolls of teleportation {!r, @r3}?
As you read the scroll of teleportation {!r, @r3}, it crumbles to dust.
You feel strangely unstable. You block the polar bear's attack.
You block the polar bear's attack. x2
The stone giant barely misses you. You block the hill giant's attack.
The polar bear barely misses you. x2
The polar bear claws you but does no damage.
The stone giant hits you but does no damage.
The polar bear closely misses you. The polar bear barely misses you.
The polar bear completely misses you. The stone giant hits you!!!
* * * LOW HITPOINT WARNING * * *
The polar bear bites you but does no damage.
The polar bear claws you.
* * * LOW HITPOINT WARNING * * *
The polar bear claws you.
* * * LOW HITPOINT WARNING * * *
The stone giant hits you but does no damage.
The hill giant hits you but does no damage.
You take 41 damage, and have 49/241 hp.
Unknown command.
Drink which item? (? for menu, Esc to quit)
Really quaff
x - 10 potions of heal wounds {@q2, !q}?
You feel much better. You block the polar bear's attack.
The polar bear barely misses you. You block the polar bear's attack.
The stone giant hits you!!
* * * LOW HITPOINT WARNING * * *
You block the polar bear's attack. x2
The polar bear claws you but does no damage.
You block the stone giant's attack.
The hill giant hits you but does no damage.
The polar bear bites you!
* * * LOW HITPOINT WARNING * * *
The polar bear completely misses you. x2
The stone giant hits you!!
You die...

.█......█..█............[█....█
.█......█..█..........(..█....█
.█......█..█...[...<.....█....█
.█......█..█.............█....█
.█......█..█............[█....█
.████∆███..███████████████....█
..............................█
...............Chh............█
...............C@CO...........█
████████.......███████████∆██████
████████.......█ █.█.█...█.█.
)[...[((.......█ ██.█.█.█.█.█
.)[.██)█.......█ █.█.█.█.█.█.
.[[..█(█.......█ ██.█.█.█.█.█
█.█....█.......█ █.█.█.█.█.█.
█.██...█.......█ █..█.█.█.█..
.>.....█.......█ █.█.█.█.█.█.


You could see 2 stone giants, a hill giant (berserk), 2 polar bears and an ogre
(berserk).

Vanquished Creatures
  An ancient lich (Crypt:3)
  Sojobo (Vaults:2)
  A golden dragon (Depths:1)
  A bone dragon (Crypt:3)
  2 liches (Crypt:3)
  Asterion (Vaults:2)
  2 deep elf blademasters (Elf:3)
  2 deep elf master archers (Elf:3)
  Gastronok (D:8)
  A shadow dragon (Vaults:4)
  Kirke (Swamp:2)
  3 tengu reavers (Vaults:2)
  The ghost of Alipheese the Lord of Darkness, an adept NaWz of Kikubaaqudgha (Elf:1)
  A revenant (Crypt:2)
  2 fire giants
  4 ghost moths (Spider:4)
  Donald (Swamp:3)
  Maud (Orc:3)
  4 frost giants
  12 vault wardens
  5 deep elf sorcerers
  Aizul (Swamp:4)
  Louise (Swamp:1)
  10 emperor scorpions
  2 curse skulls (Crypt:1)
  An orc warlord (Orc:4)
  8 ironheart preservers
  8 ghouls
  6 war gargoyles
  7 very ugly things
  13 stone giants
  2 vampire knights (Crypt:3)
  Nessos (D:15)
  6 deep elf demonologists (Elf:3)
  The ghost of asdu the Severer, a journeyman TeBe of Trog (D:13)
  8 deep elf annihilators (Elf:3)
  A dire elephant (D:15)
  3 ettins
  2 eidola
  5 yaktaur captains
  3 fire dragons
  5 vault guards
  10 deep elf death magi
  A crystal guardian (Crypt:3)
  2 quicksilver dragon zombies
  8 jiangshi
  Josephine (D:14)
  5 great orbs of eyes
  Harold (Orc:1)
  An ice dragon (Vaults:2)
  2 rakshasas (Depths:1)
  2 entropy weavers (Spider:4)
  2 deep elf high priests (Elf:3)
  19 hydras
  7 centaur warriors
  A ghost crab (Swamp:4)
  The ghost of pedritolo the Grappler, a novice TrGl of Gozag (D:10)
  A ghost crab (shapeshifter) (Vaults:4)
  5 dancing weapons
  A vampire mage (Crypt:2)
  The ghost of asdu the Nimble, a journeyman DEFE of Vehumet (D:12)
  A satyr (shapeshifter) (D:15)
  A tengu warrior (D:15)
  16 ogre magi
  An orc high priest (Orc:4)
  A deep troll earth mage (Depths:1)
  14 death yaks
  15 alligators
  A spriggan berserker (Swamp:3)
  The ghost of asdu the Cleaver, a novice TeBe of Trog (D:12)
  11 deep elf knights
  Nergalle (D:10)
  42 skeletal warriors
  A soul eater (Vaults:3)
  A golden dragon zombie (Crypt:3)
  3 shadow wraiths
  10 deep trolls
  3 unseen horrors
  7 hell knights
  11 deep elf summoners
  A fire crab (shapeshifter) (Elf:2)
  A wizard (Depths:1)
  2 ice devils (IceCv)
  A giant orange brain (Vaults:4)
  4 flayed ghosts
  2 shambling mangroves (Swamp:1)
  3 spriggan druids (Swamp:3)
  An obsidian statue (Vaults:2)
  10 hill giants
  14 orc knights
  An anaconda skeleton (Crypt:1)
  3 phantasmal warriors
  18 deep elf conjurers
  5 harpies (Vaults:1)
  7 swamp dragons (Swamp:4)
  32 wolf spiders
  9 necromancers
  7 ironbrand convokers
  A stone giant zombie (Vaults:4)
  4 manticores
  12 orb spiders
  A shadow dragon skeleton (Crypt:3)
  4 griffons
  46 ugly things
  6 cyclopes
  8 hornets
  2 frost giant zombies
  13 elephants
  6 orc sorcerers
  2 octopodes (shapeshifter)
  4 black mambas
  3 centaur zombies
  A frost giant skeleton (Crypt:2)
  A shock serpent zombie (Crypt:3)
  2 toenail golems (Volcano)
  Joseph (D:7)
  A stone giant skeleton (Crypt:1)
  13 vault sentinels
  2 torpor snails
  3 ice statues (IceCv)
  A molten gargoyle (Volcano)
  5 kobold demonologists
  3 gargoyles
  13 komodo dragons
  A yellow draconian zombie (Crypt:1)
  A dire elephant skeleton (Crypt:3)
  37 spiny frogs
  14 demonic crawlers
  A red draconian zombie (Crypt:1)
  7 blue devils (IceCv)
  39 yaktaurs
  A pale draconian skeleton (Crypt:1)
  2 tengu conjurers
  2 fire drakes
  9 trolls
  2 elves (WizLab)
  16 deep elf priests
  8 giant leeches
  25 two-headed ogres
  3 freezing wraiths
  22 jumping spiders
  11 polar bears
  An ice dragon zombie (Crypt:2)
  35 slime creatures
  2 two-headed ogres (shapeshifter)
  A tarantella zombie (Crypt:2)
  An ettin zombie (Crypt:3)
  A shadow dragon simulacrum (Vaults:4)
  11 blink frogs
  A frost giant simulacrum (Vaults:4)
  6 boulder beetles
  2 stone giant simulacra
  24 flying skulls
  6 bog bodies
  3 shadows
  A fire dragon zombie (Crypt:3)
  A guardian serpent skeleton (Crypt:2)
  A basilisk (Lair:7)
  A fire giant simulacrum (Vaults:4)
  12 wraiths
  16 tarantellas
  5 hogs (Swamp:2)
  45 redbacks
  5 wyverns
  An alligator skeleton (Crypt:2)
  4 human simulacra
  3 fire elementals (Elf:1)
  31 deep elf magi
  A snapping turtle (shapeshifter) (Vaults:4)
  19 trapdoor spiders
  A vampire (Crypt:1)
  5 water elementals (Depths:1)
  35 deep elf fighters
  A human (shapeshifter) (Vaults:3)
  4 hungry ghosts
  6 spriggans
  A golden eye (shapeshifter) (Vaults:3)
  A steam dragon (D:15)
  27 vampire mosquitoes
  43 yaks
  13 hippogriffs
  3 yaks (shapeshifter)
  3 humans
  2 mottled dragons
  19 wolves
  6 small abominations (WizLab)
  A merfolk zombie (Crypt:1)
  19 insubstantial wisps
  29 swamp worms
  3 wargs
  13 water moccasins
  A soldier ant (D:10)
  14 porcupines
  31 spiders
  Duvessa (D:7)
  A hell hound (Volcano)
  3 phantoms
  18 wasps
  11 ice beasts
  53 orc warriors
  11 black bears
  An eye of draining (D:10)
  9 swamp drakes
  7 necrophages
  82 ogres
  A hog zombie (Crypt:1)
  A manticore skeleton (Crypt:1)
  3 sky beasts
  A snapping turtle skeleton (Crypt:3)
  14 crocodiles
  22 centaurs
  A swamp dragon skeleton (Crypt:1)
  3 big kobolds
  A gnoll sergeant (D:13)
  Dowan (D:7)
  29 giant frogs
  2 human skeletons
  A wyvern skeleton (D:15)
  3 scorpions
  12 wights
  11 killer bees
  A quasit (D:8)
  3 electric eels
  A draconian simulacrum (IceCv)
  8 crimson imps
  4 lava snakes (Volcano)
  2 giant frog zombies
  5 jellies
  A black bear zombie (Crypt:2)
  4 iguanas
  3 giant frog skeletons
  Jessica (D:3)
  11 hounds
  A human zombie (Crypt:3)
  24 orc priests
  48 orc wizards
  10 worker ants
  7 centaur skeletons
  A hell rat (Lair:7)
  4 troll simulacra (IceCv)
  A two-headed ogre skeleton (Crypt:1)
  A killer bee zombie (D:8)
  26 sheep
  A big kobold zombie (Crypt:1)
  A brain worm zombie (Crypt:2)
  An ogre simulacrum (IceCv)
  A hound skeleton (D:5)
  A worker ant zombie (D:11)
  17 adders
  58 river rats
  14 gnolls
  4 naga simulacra (IceCv)
  6 shadow imps
  An adder skeleton (D:3)
  A lava snake zombie (Crypt:1)
  2 oozes (Lair:6)
  A lava snake skeleton (Crypt:2)
  5 worms
  6 giant geckos
  196 orcs
  15 bats
  19 hobgoblins
  11 jackals
  30 kobolds
  A ball python (D:1)
  3 giant cockroaches
  4 giant newts
  A giant newt zombie (Crypt:1)
  10 goblins
  A kobold skeleton (Crypt:1)
  7 quokkas
  13 rats
  A bush (D:15)
  A crawling corpse (Vaults:4)
  3 fungi
  A lost soul (Crypt:2)
  9 plants
2271 creatures vanquished.

Vanquished Creatures (collateral kills)
  the Lernaean hydra (Swamp:4)
  9 hydras
  A deep elf high priest (Elf:3)
  2 swamp dragons (Swamp:4)
  2 orb spiders (Spider:4)
  3 wolf spiders (Spider:4)
  An elephant (Lair:6)
  3 spiny frogs
  2 blink frogs (Lair:8)
  A bog body (Swamp:4)
  A tarantella (Spider:4)
  A trapdoor spider (Spider:4)
  A deep elf fighter (Elf:3)
  3 vampire mosquitoes (Lair:8)
  4 swamp drakes (Swamp:4)
  A human zombie (Vaults:4)
  3 giant frogs (Lair:8)
  A hell rat (Lair:7)
  4 river rats (Lair:7)
  2 fungi
  A plant (Lair:4)
47 creatures vanquished.

Vanquished Creatures (others)
  2 liches (Vaults:4)
  A necromancer (Vaults:4)
  A deep elf fighter (Elf:1)
  2 swamp drakes (Swamp:4)
  An ogre (Vaults:4)
  An orc wizard (D:15)
  An orc priest (D:4)
  A giant gecko (D:10)
  A quokka (D:10)
  50 bushes (D:15)
  51 fungi
  4 lost souls
  56 plants
  17 toadstools (Lair:3)
189 creatures vanquished.

Grand Total: 2507 creatures vanquished

Notes
Turn   | Place    | Note
--------------------------------------------------------------
     0 | D:1      | Goblin1989 the Naga Berserker began the quest for the Orb.
     0 | D:1      | Reached XP level 1. HP: 21/21 MP: 1/1
   237 | D:1      | Reached XP level 2. HP: 12/28 MP: 2/2
   575 | D:1      | Goblin1989: &dump soeti
   575 | D:1      | beem: http://CRAWL.XTAHUA.COM/crawl/morgue/Soeti/Soeti.txt
   931 | D:1      | Reached XP level 3. HP: 24/34 MP: 3/3
  1645 | D:2      | Goblin1989: http://crawl.xtahua.com/crawl/morgue/Soeti/morgue-Soeti-20170615-080651.txt
  1645 | D:2      | Goblin1989: хм
  1645 | D:2      | Goblin1989: я не понял
  1645 | D:2      | Goblin1989: что за фигня с резхистами?
  1645 | D:2      | Goblin1989: почему рпоиз бесконечен?
  1938 | D:2      | Reached XP level 4. HP: 15/44 MP: 4/4
  2373 | D:2      | Found a deep blue altar of Sif Muna.
  2405 | D:2      | Found a snail-covered altar of Cheibriados.
  2487 | D:2      | Reached ** piety under Trog
  2496 | D:2      | Found a radiant altar of Vehumet.
  2504 | D:2      | Found an opulent altar of Gozag.
  2634 | D:2      | Reached skill level 4 in Axes
  2670 | D:2      | Found a sacrificial altar of Ru.
  2773 | D:3      | Reached XP level 5. HP: 44/50 MP: 5/5
  3468 | D:3      | Found a shadowy altar of Dithmenos.
  3473 | D:3      | Noticed Jessica
  3484 | D:3      | Killed Jessica
  3484 | D:3      | Reached XP level 6. HP: 57/57 MP: 6/6
  4198 | D:4      | Reached *** piety under Trog
  4343 | D:4      | Reached skill level 5 in Axes
  4422 | D:4      | Noticed a phantom
  4467 | D:4      | Killed a phantom
  4467 | D:4      | Reached XP level 7. HP: 40/66 MP: 7/7
  4729 | D:4      | Found a staircase to the Ecumenical Temple.
  4849 | D:4      | Reached skill level 1 in Shields
  4854 | D:4      | Reached skill level 5 in Fighting
  4939 | D:4      | Reached **** piety under Trog
  4939 | D:4      | Reached skill level 6 in Axes
  5267 | D:5      | Entered Level 5 of the Dungeon
  5348 | D:5      | Reached XP level 8. HP: 64/74 MP: 8/8
  6210 | D:6      | Reached skill level 7 in Axes
  6515 | D:6      | Found a glowing silver altar of Zin.
  6515 | D:6      | Noticed an angel
  6812 | D:7      | Reached XP level 9. HP: 51/82 MP: 9/9
  7101 | D:7      | Reached skill level 8 in Axes
  7486 | D:7      | Noticed Joseph
  7504 | D:7      | Killed Joseph
  7975 | D:7      | Noticed Duvessa
  7976 | D:7      | Noticed Dowan
  7991 | D:7      | Killed Duvessa
  7997 | D:7      | Killed Dowan
  8128 | D:7      | Reached skill level 9 in Axes
  8233 | D:8      | Reached skill level 5 in Armour
  8308 | D:8      | Reached XP level 10. HP: 75/94 MP: 10/10
  8308 | D:8      | Reached ***** piety under Trog
  8524 | D:8      | Found a huge runed gate.
  8526 | D:8      | Found a huge runed gate.
  8527 | D:8      | Found a huge runed gate.
  8528 | D:8      | Found a huge runed gate.
  8528 | D:8      | Noticed a griffon
  8563 | D:8      | ReniFell: у наги иммун к яду видно
  8566 | D:8      | Goblin1989: так то обычный
  8566 | D:8      | Goblin1989: а у соя бесконечный
  8569 | D:8      | ReniFell: ??naga
  8570 | D:8      | beem: naga[1/2]: The player race has sInv, rPois, a poisonous spit attack, +5 stealth apt and natural stealth boosts, plus xl/3 natural AC. In return, they have a penalty to movement speed, receive halved base AC for body armours, and cannot wear boots (though bardings have 4 base AC). Nagas gain constriction at xl13.
  8575 | D:8      | ReniFell: ??naga[2
  8576 | D:8      | beem: naga[2/2]: Universally slow-moving (but normal attack speed); {Naga mage}s and {Greater Naga} use haste and conjurations to deal with this. All naga also have constriction. Basic {naga} are weak, while {Naga Warriors} are bulky and hit hard. A {Salamander} is essentially fire-themed Naga. Also see: {Naga Ritualist} {Salamander Firebrand} {Salamander Stormcaller} {Naga Sharpshooter}
  8593 | D:8      | ReniFell: ill check it now
  8602 | D:8      | Killed a griffon
  8602 | D:8      | Reached skill level 5 in Shields
  8634 | D:8      | Reached skill level 10 in Axes
  8678 | D:8      | Received a gift from Trog
  8767 | D:8      | ReniFell: >>>>>>>>>>>>>>>>>>petrified
  8767 | D:8      | ReniFell: ebat vy sishiki
  8823 | D:8      | Noticed Gastronok
  8846 | D:8      | Killed Gastronok
  8846 | D:8      | Reached skill level 11 in Axes
  8846 | D:8      | Reached XP level 11. HP: 63/104 MP: 3/11
  9324 | D:9      | ReniFell: >>>>>>>>>Polyphemus throws a large rock. The large rock hits the merfolk aquamancer but does no damage.
  9324 | D:9      | ReniFell: pizdec u nego tam veselye
  9324 | D:9      | Goblin1989: у кого?
  9640 | D:9      | ReniFell: log ego smerti
  9647 | D:9      | ReniFell: soi
  9647 | D:9      | Goblin1989: а
  9647 | D:9      | Goblin1989: позже
  9647 | D:9      | Goblin1989: сейчас ехать пора
  9647 | D:9      | Goblin1989: удачи
  9773 | D:9      | Found a stormy altar of Qazlal.
  9825 | D:9      | Found a staircase to the Lair.
  9921 | D:10     | Entered Level 10 of the Dungeon
  9989 | D:10     | Noticed a hill giant
  9997 | D:10     | Killed a hill giant
 10031 | D:10     | Found a staircase to the Orcish Mines.
 10077 | D:10     | Noticed Nergalle
 10089 | D:10     | Killed Nergalle
 10541 | D:10     | Found a white marble altar of Elyvilon.
 10994 | D:10     | Noticed pedritolo's ghost (novice TrGl)
 11007 | D:10     | Killed pedritolo's ghost
 11007 | D:10     | Reached skill level 12 in Axes
 11389 | Lair:1   | Entered Level 1 of the Lair of Beasts
 11415 | Lair:1   | Reached XP level 12. HP: 80/114 MP: 4/12
 11507 | Lair:1   | Found a dark tunnel.
 11523 | Volcano  | Entered a volcano
 11995 | Volcano  | Received a gift from Trog
 12308 | Volcano  | Found a radiant altar of Vehumet.
 13103 | Lair:1   | Noticed WereVolvo's ghost (journeyman HESk)
 13989 | Lair:2   | Reached skill level 10 in Fighting
 13989 | Lair:2   | Reached skill level 13 in Axes
 13989 | Lair:2   | Reached skill level 5 in Dodging
 14885 | Lair:3   | Found a blossoming altar of Fedhas.
 15225 | Lair:3   | Gained mutation: You can use your snake-like lower body to constrict enemies. [Naga growth]
 15225 | Lair:3   | Reached XP level 13. HP: 123/123 MP: 4/13
 15247 | Lair:3   | Received a gift from Trog
 16474 | Lair:5   | Reached skill level 14 in Axes
 16498 | Lair:5   | Found a hole to the Spider Nest.
 16822 | Lair:5   | Found a staircase to the Swamp.
 16863 | Lair:5   | HP: 4/126 [giant leech (21)]
 18173 | Lair:6   | Found a runed door.
 18173 | Lair:6   | Found a viscous altar of Jiyva.
 18174 | Lair:6   | Found a staircase to the Slime Pits.
 18691 | Lair:7   | Reached XP level 14. HP: 130/135 MP: 4/14
 18953 | Lair:7   | Reached skill level 15 in Axes
 19639 | Lair:8   | Entered Level 8 of the Lair of Beasts
 20408 | Lair:8   | Received a gift from Trog
 20908 | Lair:8   | Identified a +4 rod of inaccuracy (13/13) (You found it on level 8 of the Lair of Beasts)
 21120 | Lair:8   | Identified the Incunabulum of Flight
 21333 | Lair:8   | Reached skill level 16 in Axes
 21374 | Lair:8   | Reached XP level 15. HP: 90/145 MP: 5/15
 22875 | Orc:1    | Entered Level 1 of the Orcish Mines
 22893 | Orc:1    | Found a frozen archway.
 22904 | Orc:1    | Reached skill level 10 in Armour
 22906 | Orc:1    | Noticed Harold
 22920 | Orc:1    | Killed Harold
 22935 | IceCv    | Entered an ice cave
 23513 | IceCv    | Got a smoking plate armour
 23524 | IceCv    | Identified the +3 plate armour of Vithonocw {Str+3 Slay+2} (You found it in an ice cave)
 24657 | Orc:3    | Noticed Maud
 24667 | Orc:3    | Killed Maud
 25101 | Orc:3    | Found a radiant altar of Vehumet.
 25264 | Orc:4    | Entered Level 4 of the Orcish Mines
 25510 | Orc:3    | Received a gift from Trog
 26163 | Orc:4    | Found a roughly hewn altar of Beogh.
 26181 | Orc:4    | Found Hetsomede's Antique Weapon Shop.
 26510 | Orc:4    | Found Keos's General Store.
 26639 | Orc:4    | Bought a scroll of amnesia for 35 gold pieces
 26639 | Orc:4    | Bought a scroll of fear for 35 gold pieces
 26718 | Orc:4    | Found Qadd's Jewellery Shop.
 26739 | Orc:4    | Found a roughly hewn altar of Beogh.
 26918 | Orc:4    | Found a staircase to the Elven Halls.
 26983 | Orc:4    | Found Guresk's Antique Armour Shop.
 26989 | Orc:4    | Bought a transparent chain mail for 209 gold pieces
 26999 | Orc:4    | Identified the +0 chain mail of the Hippo {+Inv rF+} (You bought it in a shop on level 4 of the Orcish Mines)
 27237 | D:11     | Got a clouded steel amulet
 27240 | D:11     | Identified the amulet of Eternity {Stasis rElec Str-3 Dex+4} (You found it on level 11 of the Dungeon)
 27318 | D:11     | Received a gift from Trog
 27635 | D:11     | Reached ****** piety under Trog
 28478 | D:12     | Noticed asdu's ghost (journeyman DEFE)
 28494 | D:12     | Killed asdu's ghost
 28670 | D:12     | Reached skill level 17 in Axes
 29354 | D:12     | Noticed asdu's ghost (novice TeBe)
 29364 | D:12     | Killed asdu's ghost
 29782 | D:13     | Reached XP level 16. HP: 142/156 MP: 16/16
 29832 | D:13     | Received a gift from Trog
 29883 | D:13     | Noticed asdu's ghost (journeyman TeBe)
 29891 | D:13     | Killed asdu's ghost
 30445 | D:14     | Noticed Josephine
 30456 | D:14     | Killed Josephine
 31133 | D:14     | Found a gate to the Vaults.
 31442 | D:15     | Entered Level 15 of the Dungeon
 31498 | D:15     | Noticed Nessos
 31509 | D:15     | Killed Nessos
 31930 | D:15     | Received a gift from Trog
 32367 | D:15     | Reached skill level 18 in Axes
 32441 | D:15     | Found a staircase to the Depths.
 33460 | D:13     | Received a gift from Trog
 33486 | D:13     | Reached XP level 17. HP: 139/165 MP: 17/17
 33648 | Elf:1    | Entered Level 1 of the Elven Halls
 34185 | Elf:1    | Noticed Alipheese's ghost (adept NaWz)
 34214 | Elf:1    | Killed Alipheese's ghost
 34409 | Elf:1    | Got a dazzling quarterstaff
 35047 | Orc:4    | Received a gift from Trog
 35271 | Spider:1 | Entered Level 1 of the Spider Nest
 36262 | Spider:2 | Got a steaming flail
 36263 | Spider:2 | Identified the +3 flail of Kyhojyud {freeze, Str+3} (You found it on level 2 of the Spider Nest)
 36412 | Spider:2 | Reached skill level 1 in Evocations
 36595 | Spider:2 | Received a gift from Trog
 37808 | Spider:3 | Reached skill level 19 in Axes
 38042 | Spider:3 | Received a gift from Trog
 38423 | Spider:4 | Entered Level 4 of the Spider Nest
 38533 | Spider:3 | Reached XP level 18. HP: 117/176 MP: 19/19
 39579 | Spider:4 | Received a gift from Trog
 39664 | Spider:4 | Reached skill level 15 in Fighting
 40522 | Spider:4 | Received a gift from Trog
 40740 | Spider:4 | Got a gossamer rune of Zot
 40931 | Swamp:1  | Entered Level 1 of the Swamp
 40950 | Swamp:1  | Noticed Louise
 40970 | Swamp:1  | Killed Louise
 41773 | Vaults:1 | Entered Level 1 of the Vaults
 41961 | Vaults:1 | Received a gift from Trog
 41966 | Vaults:1 | Got a pitted broad axe {god gift}
 41967 | Vaults:1 | Identified the +7 broad axe "Tickekis" {drain, rElec MR+ Str+4 Int+2} (Trog gifted it to you on level 1 of the Vaults)
 42009 | Vaults:1 | Got a shimmering ivory amulet
 42011 | Vaults:1 | Identified the amulet of Juisijah {Inacc *Drain +Inv rF+ Dex+2} (You found it on level 1 of the Vaults)
 42257 | Vaults:1 | Reached XP level 19. HP: 188/188 MP: 20/20
 42916 | Vaults:2 | Reached skill level 10 in Shields
 42921 | Vaults:2 | Noticed Sojobo
 42934 | Vaults:2 | Killed Sojobo
 42934 | Vaults:2 | Received a gift from Trog
 42945 | Vaults:2 | Got a crude hand axe {god gift}
 43256 | Vaults:2 | Identified the +10 hand axe "Teucirph" {drain, rF+} (Trog gifted it to you on level 2 of the Vaults)
 43827 | Vaults:2 | Got a slimy scale mail
 43838 | Vaults:2 | Identified the cursed +0 scale mail of Seceurph {MR+} (You found it on level 2 of the Vaults)
 43938 | Vaults:2 | Got a steaming robe
 43958 | Vaults:2 | Identified a scroll of acquirement
 43960 | Vaults:2 | Got a faintly humming crystal plate armour
 43971 | Vaults:2 | Identified the +11 crystal plate armour "Fegikh" {MP+9 Int+5} (You acquired it on level 2 of the Vaults)
 43986 | Vaults:2 | Received a gift from Trog
 44146 | Vaults:2 | Noticed Asterion
 44158 | Vaults:2 | Killed Asterion
 44924 | Vaults:3 | Gained mutation: You have a pair of small horns on your head. [potion of beneficial mutation]
 44948 | Vaults:3 | Found Xunwij's Antique Weapon Shop.
 45372 | Vaults:3 | Reached XP level 20. HP: 171/199 MP: 21/21
 45386 | Vaults:3 | Received a gift from Trog
 45396 | Vaults:3 | Found a staircase to the Crypt.
 45636 | Vaults:3 | Reached skill level 20 in Axes
 45822 | Vaults:3 | Received a gift from Trog
 46283 | Vaults:4 | Received a gift from Trog
 47560 | Vaults:4 | Got a faintly humming leather armour
 47650 | Vaults:4 | Received a gift from Trog
 48642 | Elf:2    | Found Giam's General Store.
 48657 | Elf:2    | Bought the amulet "Badockiu" {rMut rF++ rN+ Dex-4} for 964 gold pieces
 48657 | Elf:2    | Bought a potion of heal wounds for 80 gold pieces
 48657 | Elf:2    | Bought a scroll of teleportation for 48 gold pieces
 48657 | Elf:2    | Bought a wand of disintegration (9) for 208 gold pieces
 48657 | Elf:2    | Bought a scroll of silence for 120 gold pieces
 48657 | Elf:2    | Bought a scroll of identify for 32 gold pieces
 48731 | Elf:2    | Found a runed gate.
 48731 | Elf:2    | Found a runed gate.
 48740 | Elf:2    | Found a runed gate.
 48966 | Elf:2    | Found Zacwuba's Distillery.
 48999 | Elf:2    | Received a gift from Trog
 49003 | Elf:2    | Reached XP level 21. HP: 203/210 MP: 22/22
 49179 | Elf:2    | Found a deep blue altar of Sif Muna.
 49284 | Elf:3    | Entered Level 3 of the Elven Halls
 49284 | Elf:3    | Found a radiant altar of Vehumet.
 49323 | Elf:3    | Found Kulatter's Assorted Antiques.
 50071 | Elf:3    | Received a gift from Trog
 50315 | Elf:3    | Reached skill level 15 in Armour
 50347 | Elf:3    | Got a twitching golden ring
 50359 | Elf:3    | Identified the ring of Ruazxoc {Ice *Contam rPois rN+ SInv} (You took it off a deep elf fighter on level 3 of the Elven Halls)
 50449 | Elf:3    | Got a glittering marble ring
 50450 | Elf:3    | Identified the ring of Abstinence {MP+9 Str+3 Dex+4} (You took it off a deep elf summoner on level 3 of the Elven Halls)
 50471 | Elf:3    | Received a gift from Trog
 50679 | Elf:3    | Got a bound silver ring
 50681 | Elf:3    | Identified the ring "Ruextaek" {Ice +Blink rN+ MP-9 Int+5} (You took it off a deep elf death mage on level 3 of the Elven Halls)
 51907 | Swamp:2  | Reached skill level 21 in Axes
 52060 | Swamp:2  | Noticed Kirke
 52068 | Swamp:2  | Killed Kirke
 52300 | Swamp:3  | Received a gift from Trog
 52489 | Swamp:3  | Noticed Donald
 52498 | Swamp:3  | Killed Donald
 52588 | Swamp:3  | Goblin1989: =totaldur.lg goblin1989
 52588 | Swamp:3  | beem: 2016 games for goblin1989: 46d+2:14:18
 53130 | Swamp:4  | Entered Level 4 of the Swamp
 53169 | Swamp:4  | Noticed Aizul
 53208 | Swamp:4  | Reached XP level 22. HP: 220/220 MP: 23/23
 53220 | Swamp:4  | Killed Aizul
 53528 | Swamp:4  | Noticed the 27-headed Lernaean hydra
 53536 | Swamp:4  | Killed the 27-headed Lernaean hydra
 53724 | Swamp:4  | Received a gift from Trog
 53764 | Swamp:4  | Got a decaying rune of Zot
 54187 | Swamp:4  | Got an ancient chain mail
 54198 | Swamp:4  | Identified the +5 chain mail of Beyond {rN++ MR- Stlth+} (You found it on level 4 of the Swamp)
 54828 | Temple   | Entered the Ecumenical Temple
 54879 | Temple   | Fell from the grace of Trog
 54879 | Temple   | Became a worshipper of the Shining One
 55365 | Crypt:1  | Entered Level 1 of the Crypt
 55398 | Crypt:1  | Reached * piety under the Shining One
 55400 | Crypt:1  | Reached skill level 1 in Invocations
 55438 | Crypt:1  | Found an ancient bone altar of Kikubaaqudgha.
 55452 | Crypt:1  | Reached ** piety under the Shining One
 55563 | Crypt:1  | Reached XP level 23. HP: 230/230 MP: 27/27
 55603 | Crypt:1  | Reached *** piety under the Shining One
 56019 | Crypt:1  | Learned a level 1 spell: Apportation
 56028 | Crypt:1  | Learned a level 8 spell: Controlled Blink
 56037 | Crypt:1  | Learned a level 8 spell: Disjunction
 56095 | Crypt:1  | Reached **** piety under the Shining One
 56336 | Crypt:2  | Found a magical portal.
 56342 | WizLab   | Entered Cigotuvi's Fleshworks
 56346 | WizLab   | Reached ***** piety under the Shining One
 57082 | Crypt:3  | Entered Level 3 of the Crypt
 57082 | Crypt:3  | Reached ****** piety under the Shining One
 57130 | Crypt:3  | Identified a +9 broad axe of holy wrath (a +9 broad axe of electrocution blessed by the Shining One)
 57130 | Crypt:3  | Received a gift from the Shining One
 57281 | Crypt:3  | Reached XP level 24. HP: 223/240 MP: 29/29
 57317 | Crypt:3  | Noticed an ancient lich
 57331 | Crypt:3  | Killed an ancient lich
 57332 | Crypt:3  | Found a basalt altar of Yredelemnul.
 58115 | Crypt:3  | Got a slimy morningstar
 58594 | D:15     | Reached skill level 10 in Invocations
 58716 | Depths:1 | Entered Level 1 of the Depths
 58864 | Depths:1 | Found a gateway to Hell.
 58965 | Depths:1 | Found a one-way gate leading to the halls of Pandemonium.
 59205 | Depths:1 | Found a portal to a secret trove of treasure.
 59574 | Vaults:3 | Slain by a stone giant

Action                   |  1- 3 |  4- 6 |  7- 9 | 10-12 | 13-15 | 16-18 | 19-21 | 22-24 || total
-------------------------+-------+-------+-------+-------+-------+-------+-------+-------++-------
Melee: Hand axe          |   137 |   241 |   417 |   161 |    22 |    27 |    20 |    78 ||  1103
       War axe           |       |       |       |   732 |    13 |       |       |       ||   745
       Broad axe         |       |       |       |       |  1212 |  1181 |  1401 |   901 ||  4695
Invok: Berserk           |     2 |     6 |     7 |    16 |    12 |     6 |     3 |     1 ||    53
       Trog's Hand       |       |     1 |     2 |     6 |     4 |       |     5 |     1 ||    19
       Brothers in Arms  |       |       |       |       |    12 |     1 |     3 |     4 ||    20
       Burn Spellbooks   |       |       |       |       |       |       |     1 |       ||     1
       Brand Weapon With |       |       |       |       |       |       |       |     1 ||     1
 Abil: Spit Poison       |       |       |       |     1 |       |       |       |       ||     1
Evoke: Wand              |       |       |       |       |     4 |       |     4 |     6 ||    14
       Box of beasts     |       |       |       |       |       |       |     1 |       ||     1
  Use: Scroll            |       |       |    13 |     8 |    11 |    10 |    13 |     4 ||    59
       Potion            |       |       |       |     4 |     2 |     1 |     2 |     3 ||    12
 Stab: Invisible         |       |       |       |       |    12 |       |       |       ||    12
       Distracted        |       |       |       |       |     1 |     2 |       |       ||     3
  Eat: Meat ration       |     1 |       |       |       |       |       |       |       ||     1
       Chunk             |       |    12 |    14 |    30 |    50 |    20 |    27 |     4 ||   157
       Royal jelly       |       |       |     2 |       |       |       |       |     1 ||     3
       Fruit             |       |       |       |     8 |     5 |    16 |    10 |    26 ||    65
       Pizza             |       |       |       |       |     3 |     1 |       |       ||     4
       Bread ration      |       |       |       |       |       |     1 |       |       ||     1

Vault maps used:
D:1:      evilmike_arrival_fibonacci_small, minivault_11
D:2:      nicolae_overflow_hidden_temple, minmay_misc_feat_four_crosses,
          item_on_display_a
D:3:      serial_bayou, serial_bayou_shore_a, serial_bayou_pond_b,
          serial_bayou_pond_e, serial_bayou_pond_e, first_bread,
          grunt_dithmenos_smoke_and_mirrors, uniq_jessica
D:4:      corexii_shantytown, grunt_decor_arrowhead
D:6:      zin_angel
D:7:      uniq_duvessa, uniq_joseph
D:8:      lemuel_bear_cage, blue_anna_alchemist, grunt_ministairs_3,
          corexii_leaking_fountain, dk_vineyard_3, uniq_gastronok
D:9:      david_lair_shrubbed, grunt_qazlal_sundering
D:10:     david_orc_2, elyvilon_altar_4, uniq_nergalle
D:12:     wad_river_or_something
D:13:     serial_bayou_crossing
D:14:     grunt_vaults_entry_fortified, minivault_4, minmay_item_behind_shaft,
          uniq_josephine
D:15:     hangedman_depths_entry_try_elsewhere_first, serial_park_paths,
          uniq_nessos
Temple:   circular_temple_13
Lair:1:   nicolae_volcano_entry_hallway
Lair:2:   dpeg_oklob_gauntlet
Lair:3:   tgw_fedhas
Lair:4:   boulder_quad_collide
Lair:5:   minmay_swamp_entry_worms, dummy_spider_entry, beast_lair_carwin_8,
          lemuel_fruit_tree, infiniplex_staircase_pool_2
Lair:6:   slime_altar_2
Lair:7:   kennysheep_rathole, minivault_24
Lair:8:   minmay_lair_end_frog_pond
Swamp:1:  hangedman_swamp_ruin_hall, uniq_louise
Swamp:2:  serial_swamp_ruin, evilmike_swamp_ruin_house_1,
          evilmike_swamp_ruin_house_4, evilmike_swamp_ruin_wall, swamp_pool1,
          uniq_kirke
Swamp:3:  cheibrodos_swamp_heart_of_darkness, evilmike_swamp_ruin_house_2,
          uniq_donald
Swamp:4:  swamp, uniq_aizul
Spider:3: mumra_spider_spiderweb, nicolae_spider_webs_and_nodes
Spider:4: grunt_spider_rune_circles, nicolae_spider_cling_ruins
Orc:1:    portal_ice_cave_entry_ice_beasts, roderic_batcave,
          lemuel_statue_altar, uniq_harold
Orc:3:    basic_altar, nicolae_orc_pool_cavern, uniq_maud
Orc:4:    grunt_orc_cross, basic_altar
Elf:1:    mu_elemental_laboratory, minivault_28, hangedman_elven_ridges,
          spider_trap, lemuel_flamethrower_2
Elf:2:    serial_shops, shop, nicolae_shop_crystal, grunt_ministairs_5,
          hangedman_elven_pyramids, lemuel_blue_sif_altar
Elf:3:    elf_hall, basic_altar, serial_shops, nicolae_shop_crystal
Vaults:1: nicolae_vaults_ring_of_whatevers, hangedman_vaults_stagger, v_misc_9,
          ontoclasm_vaults_chip, grunt_vaults_hallway_short,
          vaults_room_hallway, nicolae_vaults_big_angled_halls,
          nicolae_vaults_asterisk, v_misc_28, vaults_dpeg_cross,
          nicolae_vaults_border_crossing, vaults_dpeg_encased_lava, v_pattern_4,
          vaults_room_semicircle
Vaults:2: vaults_mumra_minichess, nicolae_vaults_statue_guard, v_misc_8,
          v_misc_1, nicolae_vaults_little_squares_3, ontoclasm_vaults_gateway,
          vaults_room_pools, uniq_sojobo, uniq_asterion
Vaults:3: ontoclasm_vaults_fault, v_rooms_5, v_pattern_1,
          minmay_crypt_entry_simple_corners, vaults_mumra_minichess_inversion,
          nicolae_vaults_little_squares_6, v_misc_5, v_misc_31,
          hangedman_vaults_stitches, nicolae_vaults_know_your_exits,
          vaults_dpeg_ring, grunt_vaults_bifocal, grunt_vaults_focal,
          ontoclasm_vaults_pinch, vaults_room_pools, serial_shops, shop
Vaults:4: vaults_room_stairs_pillars, ontoclasm_vaults_ring_large,
          ontoclasm_vaults_misaligned, nicolae_vaults_diagonal_hallway_9,
          v_misc_23, nicolae_vaults_ninety_degrees, st_lines,
          nicolae_vaults_theta, grunt_vaults_hallway_short, v_misc_9,
          grunt_vaults_funnel, ontoclasm_vaults_twist
Crypt:1:  basic_altar
Crypt:2:  infiniplex_enter_wizlab_glasses
Crypt:3:  cryptofortress_bobbens
Depths:1: hell_entry, enter_trove_6, pan_entry, hangedman_eye_storm
IceCv:    ice_cave_tombish
Volcano:  volcano_lake
WizLab:   wizlab_cigotuvi
